 Dungeon Crawl Stone Soup version 0.24.0-10-g970556be89 (webtiles) character file.

Game seed: 8363514610286297951, levelgen mode: deterministic

2392 Quickbrownfox the Sneak (level 9, -4/57 HPs)
             Began as an Octopode Transmuter on Nov 3, 2019.
             Was a Believer of Okawaru.
             Slain by an orc knight
             ... wielding a +0 war axe
              (28 damage)
             ... in a bailey.
             The game lasted 00:57:18 (9421 turns).

Quickbrownfox the Sneak (Octopode Transmuter)       Turns: 9421, Time: 00:57:19

Health: -4/57      AC:  2    Str: 10    XL:     9   Next: 46%
Magic:  9/16       EV: 22    Int: 21    God:    Okawaru [**....]
Gold:   336        SH:  4    Dex: 17    Spells: 8/18 levels left

rFire    + . .     SeeInvis .     - Unarmed
rCold    x . .     Gourm    .   (shield currently unavailable)
rNeg     . . .     Faith    .   (helmet currently unavailable)
rPois    x         Spirit   .   h - +4 amulet of reflection
rElec    .         Reflect  +   n - +3 ring of intelligence
rCorr    .         Harm     .   r - ring "Ofah" {Fire +Inv}
MR       .....                  (no ring)
Stlth    ++++......             (no ring)
HPRegen  0.19/turn              (no ring)
MPRegen  0.15/turn              (no ring)
                                (no ring)
                                (no ring)

@: spider-form (expiring)
A: tiny, almost no armour, stealthy swim, (amphibious), 8 rings, (constrict 8)
a: End Transformation, Heroism, Renounce Religion, Evoke Invisibility


You were in a bailey.
You worshipped Okawaru.
Okawaru was pleased with you.
You were not hungry.
You were a venomous arachnid creature.
You visited 2 branches of the dungeon, and saw 9 of its levels.
You also visited: Sewer and Bailey.

You collected 424 gold pieces.
You spent 88 gold pieces at shops.

Inventory:

Hand Weapons
 d - a +0 dagger
 i - a +2 flail of draining (melded)
 z - a +2 trident of venom
Missiles
 y - 90 arrows
 C - 15 boomerangs (quivered)
Jewellery
 h - a +4 amulet of reflection (around neck)
 n - a +3 ring of intelligence (left front leg)
 r - the ring "Ofah" (right front leg) {Fire +Inv}
   (You acquired it on level 8 of the Dungeon)

   [ring of fire]

   It enhances your fire magic.
   It protects you from fire.
   It makes you vulnerable to cold.
   It lets you turn invisible.
 F - an uncursed amulet of guardian spirit {unknown}
Wands
 a - a wand of acid (4)
 f - a wand of flame (6)
 x - a wand of iceblast (6)
 A - a wand of disintegration (7)
 B - a wand of random effects (11)
Scrolls
 b - a scroll of fear
 j - 2 scrolls of teleportation
 m - 2 scrolls of fog
 t - 4 scrolls of amnesia
 w - a scroll of remove curse
 D - a scroll of immolation {unknown}
 G - a scroll of vulnerability {unknown}
Potions
 e - a potion of heal wounds
 g - 2 potions of might
 k - a potion of berserk rage {unknown}
 l - a potion of cancellation
 o - 4 potions of flight
 p - a potion of mutation {unknown}
 q - 4 potions of lignification
 s - a potion of agility
 u - 4 potions of curing
Comestibles
 c - 9 rations
 v - a chunk of flesh


   Skills:
 + Level 3.4 Fighting
 + Level 2.7 Short Blades
 + Level 4.5 Maces & Flails
 + Level 1.2 Throwing
 + Level 4.5 Dodging
 + Level 7.0 Stealth
 + Level 4.5 Unarmed Combat
 + Level 5.2 Spellcasting
 + Level 4.8 Transmutations
 + Level 0.9 Poison Magic
 + Level 1.5 Evocations


You had 8 spell levels left.
You knew the following spells:

 Your Spells              Type           Power        Failure   Level  Hunger
a - Beastly Appendage     Tmut           ####..       7%          1    None
b - Sticks to Snakes      Tmut           ####....     9%          2    None
c - Spider Form           Tmut/Pois      ###.......   24%         3    ##.....
d - Ice Form              Ice/Tmut       ###.....     58%         4    ####...

Your spell library contained the following spells:

 Spells                   Type           Power        Failure   Level  Hunger
 Blade Hands              Tmut           ####......   61%         5    #####..
 Venom Bolt               Conj/Pois      #.........   98%         5    #####..
 Bolt of Magma            Conj/Fire/Erth #.........   99%         5    #####..
 Iskenderun's Battlesphe  Conj/Chrm      #.......     99%         5    #####..
 Iron Shot                Conj/Erth      #.........   100%        6    #######
 Orb of Destruction       Conj           #.........   100%        7    #######
 Spellforged Servitor     Conj/Summ      #.........   100%        7    #######


Dungeon Overview and Level Annotations

Branches:
Dungeon (8/15)             Temple (1/1) D:4           Sewer (visited)
 Bailey (1/1)
   Lair: D:8-11

Altars:
Ashenzari
Cheibriados
Elyvilon
Hepliaklqana
Kikubaaqudgha
Makhleb
Okawaru
Qazlal
Ru
Sif Muna
Trog
Uskayaw
Wu Jian
Xom
Zin
The Shining One

Shops:
D:4 !   D:6 =


Innate Abilities, Weirdness & Mutations

You cannot wear most types of armour.
You are very stealthy in the water. (Stealth+)
((You are amphibious.))
You can wear up to eight rings at the same time.
((You can use your tentacles to constrict eight enemies at once.))
((Your skin changes colour to match your surroundings (Stealth+).))
((Your rubbery body absorbs attacks. (AC +1, EV +1)))


Message History

The weapon returns to the kobold!
You cannot enter water in your current form.
The kobold throws a boomerang.
The boomerang misses you.
The weapon returns to the kobold!
The kobold throws a boomerang.
The boomerang completely misses you.
The weapon returns to the kobold!
The kobold throws a boomerang.
You reflect the boomerang off an invisible shield around you!
The boomerang closely misses the kobold.
The weapon returns to the kobold!
Casting: Spider Form (safe; 24% risk of failure)
Confirm with . or Enter, or press ? or * to list all spells.
You create 2 snakes!
You now have 90 arrows.
The orc knight hits you with a +0 war axe!!
* * * LOW HITPOINT WARNING * * *
The kobold throws a boomerang.
You reflect the boomerang off an invisible shield around you!
The boomerang hits the kobold.
The weapon returns to the kobold!
You feel much better.
The orc knight hits you with a +0 war axe!!
You die...

♣≈≈≈##...8...##≈≈≈
♣≈≈##.........#≈≈≈
♣≈≈#..........#≈≈≈
♣≈≈#..8..8....'...
♣≈≈#........######
♣≈≈##......## ≈≈#
♣..S##.....# [...
♣....##KK..#o?...
♣♣soK..#)...##8.8.
♣...g..').†..#o...
♣∩S∩K..'.....#....
♣....K.'.....#....
♣♣.....#....##8.8.
♣....##....#≈!...
♣...##.....#≈)...
♣≈≈##......# ≈≈≈#
♣≈≈#........#####


You could see an orc knight, a gnoll, 3 kobolds and 2 friendly ball pythons.

Vanquished Creatures
  Grinder (D:5)
  Edmund (D:4)
  A water moccasin (D:6)
  An ice beast (D:6)
  2 phantoms (D:4)
  2 ogres
  3 centaurs
  A big kobold (D:7)
  Blork the orc (D:4)
  4 bullfrogs
  A wyvern zombie (D:6)
  A scorpion (D:8)
  An electric eel (D:6)
  A bullfrog zombie (D:6)
  A crimson imp (D:8)
  2 centaur skeletons
  An orc priest (D:6)
  A hound (D:4)
  An iguana (D:7)
  2 orc wizards
  3 worker ants
  A killer bee zombie (D:8)
  2 hound zombies (D:6)
  A hound skeleton (D:6)
  2 worker ant zombies (D:6)
  6 gnolls
  4 adders
  4 shadow imps
  3 oozes (D:1)
  An adder zombie (D:6)
  A worm (D:2)
  2 dart slugs
  8 leopard geckos
  8 orcs
  8 giant cockroaches
  4 goblins
  9 hobgoblins
  7 jackals
  11 kobolds
  3 quokkas
  A ball python (D:1)
  A ball python zombie (D:6)
  5 bats
  7 frilled lizards
  A jackal skeleton (D:5)
  A quokka zombie (D:6)
  13 rats
146 creatures vanquished.

Vanquished Creatures (collateral kills)
  2 ogres
  A big kobold (Sewer)
  A bullfrog (D:7)
  A gnoll (D:7)
  2 adders (D:4)
  A shadow imp (D:6)
  2 orcs (D:4)
  2 giant cockroaches (D:3)
  4 hobgoblins
  2 goblins
  6 kobolds
24 creatures vanquished.

Vanquished Creatures (others)
  A human (D:6)
1 creature vanquished.

Grand Total: 171 creatures vanquished

Notes
Turn   | Place    | Note
-------+----------+-------------------------------------------
     0 | D:1      | Quickbrownfox the Octopode Transmuter began the quest for
                  | the Orb.
     0 | D:1      | Reached XP level 1. HP: 13/13 MP: 3/3
    66 | D:1      | Reached XP level 2. HP: 7/18 MP: 3/5
    70 | D:1      | Learned a level 2 spell: Sticks to Snakes
   736 | D:1      | Reached XP level 3. HP: 12/23 MP: 1/6
  1320 | D:1      | Learned a level 3 spell: Spider Form
  1402 | D:2      | Found a snail-covered altar of Cheibriados.
  1720 | D:2      | Reached skill level 1 in Stealth
  1864 | D:2      | Reached XP level 4. HP: 23/28 MP: 8/8
  2475 | D:2      | Reached skill level 2 in Stealth
  2606 | D:3      | Found a glowing drain.
  2609 | D:3      | Found a faded altar of an unknown god.
  2635 | Sewer    | Entered a sewer
  2715 | Sewer    | Noticed a big kobold
  2733 | Sewer    | Killed a big kobold
  2733 | Sewer    | Reached skill level 1 in Short Blades
  2733 | Sewer    | Reached XP level 5. HP: 14/33 MP: 5/9
  2965 | Sewer    | Found a white marble altar of Elyvilon.
  3068 | D:3      | Found a white marble altar of Elyvilon.
  3238 | D:3      | Reached skill level 3 in Stealth
  3624 | D:3      | Found a shimmering altar of Xom.
  3748 | D:4      | Found an ornate altar of the Wu Jian Council.
  3748 | D:4      | Found Kaol's Distillery.
  4014 | D:4      | Bought a potion of agility for 44 gold pieces
  4014 | D:4      | Bought a potion of degeneration for 11 gold pieces
  4014 | D:4      | Bought a potion of curing for 33 gold pieces
  4052 | D:4      | Noticed a phantom
  4067 | D:4      | Killed a phantom
  4067 | D:4      | Reached XP level 6. HP: 31/38 MP: 8/10
  4140 | D:4      | Found a staircase to the Ecumenical Temple.
  4142 | D:4      | Noticed Blork the orc
  4341 | D:4      | Killed Blork the orc
  4511 | D:3      | Learned a level 4 spell: Ice Form
  4521 | D:4      | Noticed Edmund
  4537 | D:4      | HP: 1/39 [Edmund/+2 flail of draining (1)]
  4539 | D:4      | Killed Edmund
  4539 | D:4      | Reached skill level 4 in Stealth
  4539 | D:4      | Reached XP level 7. HP: 1/44 MP: 10/12
  4880 | Temple   | Entered the Ecumenical Temple
  4988 | Temple   | Became a worshipper of Warmaster Okawaru
  5090 | D:4      | Found a burning altar of Makhleb.
  5329 | D:4      | HP: 1/44 [phantom (10)]
  5558 | D:4      | Reached skill level 1 in Maces & Flails
  5737 | D:5      | Entered Level 5 of the Dungeon
  5959 | D:6      | Found a stormy altar of Qazlal.
  6027 | D:6      | Found Ciyn's Jewellery Shoppe.
  6265 | D:6      | Reached XP level 8. HP: 43/50 MP: 14/14
  6440 | D:6      | Reached * piety under Okawaru
  6456 | D:5      | Noticed Grinder
  6743 | D:5      | Reached skill level 5 in Stealth
  6744 | D:5      | Found a bloodstained altar of Trog.
  6753 | D:5      | Found a hazy altar of Hepliaklqana.
  6777 | D:5      | Reached skill level 1 in Evocations
  6845 | D:5      | Paralysed by Grinder for 5 turns
  6857 | D:5      | Killed Grinder
  7416 | D:6      | Reached skill level 6 in Stealth
  7487 | D:6      | Reached ** piety under Okawaru
  7738 | D:6      | Reached XP level 9. HP: 36/56 MP: 13/16
  7793 | D:6      | Found an ancient bone altar of Kikubaaqudgha.
  8044 | D:7      | Found an ancient bone altar of Kikubaaqudgha.
  8052 | D:7      | Reached skill level 1 in Throwing
  8052 | D:7      | Reached skill level 5 in Spellcasting
  8060 | D:7      | Found a shimmering altar of Xom.
  8917 | D:7      | Found a sacrificial altar of Ru.
  9215 | D:8      | Identified a scroll of acquirement
  9217 | D:8      | Got a scorched lapis lazuli ring
  9218 | D:8      | Identified the ring "Ofah" {Fire +Inv} (You acquired it on
                  | level 8 of the Dungeon)
  9239 | D:8      | Reached skill level 7 in Stealth
  9273 | D:8      | Found a flagged portal.
  9305 | Bailey   | Entered a bailey
  9347 | Bailey   | Noticed an orc warlord
  9390 | Bailey   | Noticed an orc knight
  9421 | Bailey   | Slain by an orc knight

Levels and vault maps discovered:
D:1:      lightli_arrival_isolated_outpost, layout_loops_cross, hex_tiny,
          st_stairs_5
D:2:      layout_loops_corners, old_standard_altar
D:3:      layout_basic, elyvilon_altar_5, portal_sewer_entry_a,
          chequers_ecumenical_altar_simple_redux, brannock_xom_greatest_gift
D:4:      layout_loops_ring, makhleb_heckhound_becter, lemuel_round_altar,
          minmay_temple_entry_steel_oval, first_ration, serial_shops,
          shop_statue, chequers_serial_rivers_small_a, uniq_blork_the_orc,
          uniq_edmund
D:5:      layout_basic, lemuel_crystal_altar, basic_altar, uniq_grinder
D:6:      layout_loops_corners, grunt_qazlal_clouds, serial_shops,
          nicolae_shop_crystal, serial_undead, serial_undead_e, serial_undead_f,
          serial_undead_c, serial_undead_d, serial_undead_c, serial_undead_e,
          serial_undead_f, serial_undead_b, chequers_serial_rivers_micro_a,
          serial_bayou_pond_a, tgw_kikubaaqudgha
D:7:      layout_basic, old_standard_altar, lemuel_crystal_altar,
          nicolae_ru_path_of_blood
D:8:      layout_gridville, kennysheep_mini_moat, minmay_lair_entry_grove,
          enter_bailey_2
Temple:   nicolae_temple_figure_zero
Bailey:   bailey_axe_bossmonster_kennysheep, bailey

Skill      XL: |  1  2  3  4  5  6  7  8  9 |
---------------+----------------------------+-----
Stealth        | 1 2 3 4 6 7 |  7.0
Short Blades   | 1 2 |  2.7
Spellcasting   | 3 4 5 |  5.2
Transmutations | 3 4 |  4.8
Dodging        | 3 4 |  4.5
Fighting       | 2 3 |  3.4
Maces & Flails | 1 3 4 |  4.5
Evocations     | 1 |  1.5
Throwing       | 1 |  1.2
Unarmed Combat | 4 |  4.5
Poison Magic   | |  0.9

Action                   |  1- 3 |  4- 6 |  7- 9 || total
-------------------------+-------+-------+-------++-------
Melee: Dagger            |    96 |   139 |       ||   235
       Constrict         |    21 |    37 |    29 ||    87
       Tentacles         |    16 |    23 |    29 ||    68
       Kick              |     8 |     9 |     4 ||    21
       Punch             |     1 |     3 |     2 ||     6
       Unarmed           |       |     8 |    72 ||    80
       Flail             |       |       |   129 ||   129
Throw: Javelin           |       |       |    16 ||    16
       Boomerang         |       |       |     1 ||     1
 Cast: Beastly Appendage |     7 |    10 |     7 ||    24
       Sticks to Snakes  |     9 |    17 |    27 ||    53
       Spider Form       |       |     1 |     7 ||     8
Evoke: Wand              |       |       |    13 ||    13
  Use: Scroll            |       |     8 |     7 ||    15
       Potion            |       |     4 |     3 ||     7
 Stab: Sleeping          |    11 |     8 |    14 ||    33
       Distracted        |       |     1 |     1 ||     2
  Eat: Chunk             |     3 |     7 |     9 ||    19
       Ration            |       |     1 |     2 ||     3
Armor: Skin              |     3 |     8 |     8 ||    19
Dodge: Dodged            |    51 |    74 |   181 ||   306
Block: Other             |     1 |    14 |    44 ||    59
       Reflection        |       |       |     7 ||     7
